 Dungeon Crawl Stone Soup version 0.26.1-2-gb8aa6d0cf2 (webtiles) character file.

Game seed: 17778486946281090684

3232 Hudbad the Cleaver (level 9, -1/74 HPs)
             Began as a Deep Dwarf Fighter on Mar 5, 2021.
             Was a Priest of Elyvilon.
             Slain by a komodo dragon (22 damage)
             ... on level 8 of the Dungeon.
             The game lasted 00:20:30 (5891 turns).

Hudbad the Cleaver (Deep Dwarf Fighter)             Turns: 5891, Time: 00:20:32

Health: -1/74      AC: 13    Str: 22    XL:     9   Next: 66%
Magic:  13/15      EV:  4    Int: 10    God:    Elyvilon [***...]
Gold:   357        SH: 14    Dex: 10    Spells: 8/8 levels left

rFire    . . .     SeeInvis .   a - +0 war axe (freeze)
rCold    . . .     Faith    .   c - +0 kite shield
rNeg     . . .     Spirit   .   H - +0 plate armour
rPois    .         Reflect  +   (no helmet)
rElec    .         Harm     .   B - +0 cloak
rCorr    .         Rampage  .   q - +0 pair of gloves
Will     +....                  K - +0 pair of boots (curse)
Stlth    ..........             i - amulet of reflection
HPRegen  0.00/turn              o - +4 ring of slaying
MPRegen  0.14/turn              r - +4 ring of protection

@: non-regenerating
A: damage resistance, heal wounds, hooves 1, clumsy 1, deformed body, sense
surroundings 2, evolution 1, subdued magic 1, no regeneration
a: Heal Wounds, Renounce Religion, Lesser Healing, Heal Other, Purification,
Divine Protection


You were on level 8 of the Dungeon.
You worshipped Elyvilon.
Elyvilon was most pleased with you.
You visited 2 branches of the dungeon, and saw 9 of its levels.
You also visited: Ossuary.

You collected 357 gold pieces.

Inventory:

Hand Weapons
 a - a +0 war axe of freezing (weapon)
Armour
 c - a +0 kite shield (worn)
 q - a +0 pair of gloves (worn)
 B - a +0 cloak (worn)
 H - a +0 plate armour (worn)
 K - a cursed +0 pair of boots (worn)
Jewellery
 i - an amulet of reflection (around neck)
 o - a +4 ring of slaying (left hand)
 r - a +4 ring of protection (right hand)
 C - an uncursed ring of positive energy
 I - an uncursed amulet of guardian spirit
Wands
 w - a wand of iceblast (23)
 x - a wand of digging (18)
 z - a wand of disintegration (15)
 J - a wand of polymorph (6)
Scrolls
 b - a scroll of enchant weapon {unknown}
 e - 3 scrolls of fear
 f - 5 scrolls of remove curse
 k - a scroll of blinking
 y - 2 scrolls of fog {unknown}
 E - 2 scrolls of enchant armour {unknown}
 F - 2 scrolls of teleportation
 G - a scroll of magic mapping {unknown}
Potions
 d - 2 potions of might
 g - 5 potions of flight
 j - 4 potions of haste
 l - 3 potions of berserk rage
 m - a potion of ambrosia {unknown}
 n - 3 potions of curing {unknown}
 p - 3 potions of heal wounds {unknown}
 s - 3 potions of magic {unknown}
 t - 3 potions of attraction {unknown}
 u - 4 potions of invisibility {unknown}
 A - 2 potions of resistance {unknown}
 D - a potion of lignification {unknown}


   Skills:
 - Level 2.6 Fighting
 + Level 11.9 Axes
 - Level 3.2 Armour
 - Level 3.2 Shields
 + Level 10.5 Invocations


You had 8 spell levels left.
You didn't know any spells.
Your spell library contained the following spells:

 Spells                   Type           Power        Failure   Level
 Animate Skeleton         Necr           0%           100%        1
 Apportation              Tloc           0%           100%        1
 Corona                   Hex            0%           100%        1
 Summon Small Mammal      Summ           0%           100%        1


Dungeon Overview and Level Annotations

Branches:
Dungeon (8/15)             Temple (1/1) D:4            Lair (0/6) D:8
Ossuary (visited)

Altars:
Ashenzari
Dithmenos
Elyvilon
Fedhas
Gozag
Hepliaklqana
Kikubaaqudgha
Nemelex Xobeh
Okawaru
Ru
Trog
Uskayaw
Vehumet
Wu Jian
Xom
Yredelemnul
Zin
The Shining One

Shops:
D:4 [   D:5 }


Innate Abilities, Weirdness & Mutations

You are resistant to damage.
You can heal yourself by infusing magical energy.
You passively map the area around you.
You do not regenerate.
You have large cloven feet.
You are clumsy. (Dex -2)
Armour fits poorly on your strangely shaped body.
You evolve.
Your spells are a little easier to cast, but a little less powerful.


Message History

You are healed.
You block the water moccasin's attack. You block the komodo dragon's attack.
The water moccasin bites you but does no damage.
Your plate armour prevents you from hitting the komodo dragon.
The komodo dragon is heavily wounded.
You hit the water moccasin.
The water moccasin seems to slow down.
You freeze the water moccasin. You block the water moccasin's attack.
You hit the komodo dragon but do no damage.
The komodo dragon is heavily wounded.
You hit the water moccasin. You freeze the water moccasin.
You kill the water moccasin!
The komodo dragon is no longer moving slowly.
You block the komodo dragon's attack.
You hit the komodo dragon.
The komodo dragon seems to slow down.
You freeze the komodo dragon.
The komodo dragon is heavily wounded.
You barely miss the scorpion.
The scorpion stings you but does no damage.
The komodo dragon bites you!!
You die... ......# ......########## ......##.......## ................###### * .....###.............##* .....# ###+##.........., ....... +.......... , ,, ##+#.###* #.....#.P.. , * #*,#... #...@.# P.P

, # #### ,
,####ls# ,
, ,, , #
,, * ,,,
*##h.. ,,
#* *##. ,
, * *...P.
,, , ,
#####...
,, .......
, ,
......# ,
....... ,
......##,,
P..PP.. ,
.......##,
, *
*..PP..P >
, ,
........#
* , ,


You could see a komodo dragon (slow), a black bear and a scorpion.

Vanquished Creatures
  A yak (D:8)
  2 water moccasins (D:8)
  A black bear (D:8)
  A sky beast (D:6)
  4 ice beasts
  An orc warrior (D:7)
  A phantom (D:7)
  3 ogres
  3 centaurs
  5 bullfrogs
  A scorpion (D:6)
  A water moccasin skeleton (D:5)
  5 killer bees (D:7)
  3 wights (D:7)
  3 howler monkeys
  An electric eel (D:6)
  2 centaur zombies (Ossuary)
  A jelly (D:5)
  2 orc priests (D:7)
  2 orc wizards (D:7)
  2 iguanas (D:5)
  3 worker ants
  3 big kobold zombies (Ossuary)
  A hound skeleton (D:8)
  7 mummies
  A worker ant zombie (D:2)
  3 gnolls (D:3)
  7 adders
  2 shadow imps
  A white imp (D:5)
  3 oozes
  An adder skeleton (D:7)
  An adder zombie (D:5)
  3 worms
  3 dart slugs
  7 leopard geckos
  20 orcs
  7 bats
  4 giant cockroaches
  6 hobgoblins
  7 jackals
  A ball python (D:1)
  10 frilled lizards
  6 goblins
  4 hobgoblin zombies (Ossuary)
  12 kobolds
  5 rats
173 creatures vanquished.

Vanquished Creatures (others)
  An orc (D:7)
  10 fungi (D:8)
  8 plants (D:8)
19 creatures vanquished.

Grand Total: 192 creatures vanquished

Notes
Turn   | Place    | Note
-------+----------+-------------------------------------------
     0 | D:1      | Hudbad the Deep Dwarf Fighter began the quest for the Orb.
     0 | D:1      | Reached XP level 1. HP: 20/20 MP: 1/1
   155 | D:1      | Reached skill level 3 in Axes
   180 | D:1      | Reached XP level 2. HP: 24/27 MP: 2/2
   663 | D:1      | Reached XP level 3. HP: 24/33 MP: 3/3
   890 | D:2      | Found a faded altar of an unknown god.
   899 | D:2      | Reached skill level 4 in Axes
  1249 | D:2      | Reached XP level 4. HP: 15/40 MP: 4/4
  1281 | D:2      | Reached skill level 5 in Axes
  1816 | D:3      | Reached XP level 5. HP: 14/46 MP: 5/5
  2226 | D:4      | Reached skill level 6 in Axes
  2246 | D:4      | Found a sand-covered staircase.
  2256 | Ossuary  | Entered an ossuary
  2278 | Ossuary  | Reached skill level 7 in Axes
  2278 | Ossuary  | Reached XP level 6. HP: 29/55 MP: 6/6
  2416 | D:4      | Reached skill level 8 in Axes
  2422 | D:4      | Found a blossoming altar of Fedhas.
  2434 | D:4      | Found a shimmering altar of Xom.
  2438 | D:4      | Found an opulent altar of Gozag.
  2448 | D:4      | Found a hazy altar of Hepliaklqana.
  2454 | D:4      | Found a radiant altar of Vehumet.
  2461 | D:4      | Found an ancient bone altar of Kikubaaqudgha.
  2467 | D:4      | Found a shadowy altar of Dithmenos.
  2585 | D:4      | Found Tytuw's Antique Armour Shop.
  2600 | D:4      | Found a staircase to the Ecumenical Temple.
  2620 | Temple   | Entered the Ecumenical Temple
  2759 | Temple   | Became a worshipper of Elyvilon the Healer
  2789 | D:4      | Reached XP level 7. HP: 61/61 MP: 6/6
  2887 | D:4      | Found a basalt altar of Yredelemnul.
  2889 | D:4      | Noticed a profane servitor
  2911 | D:4      | Found a glowing golden altar of the Shining One.
  2914 | D:4      | Noticed an angel
  3248 | D:4      | Got a bone short sword
  3250 | D:4      | Identified the +4 short sword of Xom's Castigation {flame,
                  | Str+3 Int+2} (You found it on level 4 of the Dungeon)
  3273 | D:5      | Entered Level 5 of the Dungeon
  3292 | D:5      | Reached skill level 1 in Invocations
  3684 | D:5      | Reached * piety under Elyvilon
  3794 | D:5      | Reached skill level 9 in Axes
  3994 | D:5      | Found Waer's Gadget Shoppe.
  4188 | D:6      | Reached skill level 5 in Invocations
  4188 | D:6      | Reached XP level 8. HP: 50/68 MP: 10/10
  4583 | D:6      | Found a sparkling altar of Nemelex Xobeh.
  4589 | D:6      | Reached skill level 10 in Axes
  4601 | D:7      | Reached ** piety under Elyvilon
  4990 | D:7      | Gained mutation: You passively map the area around you.
                  | [Deep Dwarf growth]
  4990 | D:7      | Reached XP level 9. HP: 17/74 MP: 14/14
  5038 | D:7      | Reached skill level 11 in Axes
  5635 | D:8      | Reached *** piety under Elyvilon
  5832 | D:8      | Gained mutation: You expend magic power (3 MP) to
                  | strengthen your wands. [potion of mutation]
  5832 | D:8      | Gained mutation: You have a pair of small horns on your
                  | head. [potion of mutation]
  5832 | D:8      | Gained mutation: You are agile. (Dex +2) [potion of
                  | mutation]
  5832 | D:8      | Gained mutation: You have large cloven feet. [potion of
                  | mutation]
  5833 | D:8      | Lost mutation: You are agile. (Dex +2) [potion of mutation]
  5833 | D:8      | Lost mutation: You expend magic power (3 MP) to strengthen
                  | your wands. [potion of mutation]
  5833 | D:8      | Gained mutation: Your spells are a little easier to cast,
                  | but a little less powerful. [potion of mutation]
  5833 | D:8      | Gained mutation: You passively map a large area around you.
                  | [potion of mutation]
  5833 | D:8      | Gained mutation: Your mind is acute. (Int +2) [potion of
                  | mutation]
  5834 | D:8      | Lost mutation: You passively map a large area around you.
                  | [potion of mutation]
  5834 | D:8      | Lost mutation: You have a pair of small horns on your head.
                  | [potion of mutation]
  5834 | D:8      | Lost mutation: Your mind is acute. (Int +2) [potion of
                  | mutation]
  5834 | D:8      | Gained mutation: You are clumsy. (Dex -2) [potion of
                  | mutation]
  5834 | D:8      | Gained mutation: Armour fits poorly on your strangely
                  | shaped body. [potion of mutation]
  5834 | D:8      | Gained mutation: You evolve. [potion of mutation]
  5862 | D:8      | Noticed a komodo dragon
  5873 | D:8      | Reached skill level 10 in Invocations
  5891 | D:8      | Slain by a komodo dragon

Illustrated notes

Levels and vault maps discovered:
D:1:      dpeg_arrival_windows_large_door, layout_loops_corners,
          chequers_serial_rivers_room_a
D:2:      layout_basic, chequers_ecumenical_altar_simple_redux
D:3:      layout_loops_ring
D:4:      layout_loops_ring, grunt_temple_overflow_holy_war,
          grunt_temple_overflow_octagram, minmay_temple_entry_mist,
          gup_ossuary_entry_pyramid, serial_shops, nicolae_shop_stone
D:5:      layout_basic, serial_shops, nicolae_shop_window_shopping
D:6:      cheibrodos_helix_gallery, layout_gridville, eino_tiny_chamber,
          nemelex_dance_club_becter
D:7:      layout_cave_pools, serial_co_window_serial,
          co_window_of_opportunity_a, co_window_of_opportunity_a,
          co_window_corner_a, co_window_corner_a, co_window_paths_a,
          co_window_paths_a, co_window_of_opportunity_c, co_window_corner_cb,
          co_window_unsneaky_path_e, co_window_corner_b, co_window_sun,
          co_window_4corner_b, glass_columns_b, glass_columns_b,
          glass_columns_c, glass_columns_c
D:8:      layout_basic, lemuel_round_altar, old_standard_altar,
          lemuel_doored_altar, due_lair_maze_entry_diamond
Temple:   nicolae_temple_figure_zero

Skill      XL: |  1  2  3  4  5  6  7  8  9 |
---------------+----------------------------+-----
Axes           | 3 4 5 7 8 9 10 11 | 11.9
Invocations    | 5 8 10 | 10.5
Fighting       | |  2.6
Armour         | |  3.2
Shields        | |  3.2

Action                   |  1- 3 |  4- 6 |  7- 9 || total
-------------------------+-------+-------+-------++-------
Melee: War axe           |    98 |   160 |   271 ||   529
Invok: Lesser Healing    |       |       |    10 ||    10
 Abil: Heal Wounds       |       |     3 |       ||     3
  Use: Scroll            |       |     7 |     5 ||    12
       Potion            |       |       |     3 ||     3
Armor: Scale mail        |    42 |    65 |     3 ||   110
       Chain mail        |       |       |    65 ||    65
       Plate armour      |       |       |    27 ||    27
Dodge: Dodged            |    32 |    39 |    46 ||   117
Block: Kite shield       |    52 |   102 |   192 ||   346
       Reflection        |       |       |     7 ||     7
